 Dungeon Crawl Stone Soup version 0.24-a0-736-g4e6fe308c7 (webtiles) character file.

Game seed: 9386800155829323945, levelgen mode: deterministic

127 MisterFreud the Changer (level 5, -3/33 HPs)
             Began as an Octopode Transmuter on Oct 2, 2019.
             Slain by an ogre
             ... wielding a +0 giant club
              (18 damage)
             ... on level 2 of the Dungeon.
             The game lasted 00:05:31 (3307 turns).

MisterFreud the Changer (Octopode Transmuter)       Turns: 3307, Time: 00:05:32

Health: -3/33      AC:  1    Str:  9    XL:     5   Next: 11%
Magic:  8/9        EV: 13    Int: 16    God:
Gold:   147        SH:  0    Dex: 13    Spells: 4/10 levels left

rFire    . . .     SeeInvis .     - Unarmed
rCold    . . .     Gourm    .   (no shield)
rNeg     . . .     Faith    .   (helmet restricted)
rPois    .         Spirit   .   (no amulet)
rElec    .         Reflect  .   (no ring)
rCorr    .         Harm     .   (no ring)
MR       .....                  (no ring)
Stlth    ++........             (no ring)
HPRegen  0.11/turn              (no ring)
MPRegen  0.11/turn              (no ring)
                                (no ring)
                                (no ring)

@: no status effects
A: almost no armour, stealthy swim, amphibious, 8 rings, constrict 8, camouflage
1, gelatinous body 1
a: no special abilities


You were on level 2 of the Dungeon.
You were hungry.

You visited 1 branch of the dungeon, and saw 3 of its levels.

You collected 147 gold pieces.

Inventory:

Missiles
 a - 12 arrows
 d - 8 poisoned darts (quivered)
 e - 121 stones
 g - 19 sling bullets
 h - 13 bolts
Scrolls
 b - 4 scrolls of remove curse
 f - a scroll of magic mapping {unknown}
 l - a scroll of identify
Potions
 i - 3 potions of curing
 j - a potion of might
 k - a potion of resistance
Comestibles
 c - 4 rations


   Skills:
 - Level 1.0 Fighting
 - Level 2.0 Dodging
 - Level 3.0 Unarmed Combat
 + Level 3.1 Spellcasting
 * Level 4.3 Transmutations


You had 4 spell levels left.
You knew the following spells:

 Your Spells              Type           Power        Failure   Level  Hunger
a - Beastly Appendage     Tmut           ###...       3%          1    None
b - Sticks to Snakes      Tmut           ###.....     4%          2    ##.....
c - Spider Form           Tmut/Pois      #.........   22%         3    ###....

Your spell library contained the following spells:

 Spells                   Type           Power        Failure   Level  Hunger
 Ice Form                 Ice/Tmut       #.......     58%         4    ####...
 Blade Hands              Tmut           ###.......   65%         5    ######.


Dungeon Overview and Level Annotations

Branches:
Dungeon (3/15)

Altars:


Innate Abilities, Weirdness & Mutations

You cannot wear most types of armour.
You are very stealthy in the water. (Stealth+)
You are amphibious.
You can wear up to eight rings at the same time.
You can use your tentacles to constrict eight enemies at once.
Your skin changes colour to match your surroundings (Stealth+).
Your rubbery body absorbs attacks. (AC +1, EV +1)


Message History

You turn into a venomous arachnid creature.
Your transformation is almost over.
You hit the ogre but do no damage. The ogre barely misses you.
The goblin shouts!
You hit the ogre.
The ogre is lightly wounded.
The ogre closely misses you.
You barely miss the ogre.
The ogre is lightly wounded.
The ogre closely misses you.
You bite the ogre!
The ogre is poisoned.
The ogre is heavily wounded.
You hit the ogre but do no damage.
The ogre is heavily wounded.
The ogre hits you with a +0 giant club!!
Ouch! That really hurt!
Your transformation has ended.
The ogre hits you with a +0 giant club!!
Ouch! That really hurt!
You die...

##### #.#.###
####.....###########
................@O.#
.....#.###########g#
######.#.........#.####### ######
# #....#...........##....# #....#
###......###....<........###....#
...........†............[.......#
#................................
#................................
.................#[...#..........


You could see an ogre and a goblin.

Vanquished Creatures
  Jessica (D:2)
  Robin (D:3)
  2 adders
  An ooze (D:3)
  A worm (D:2)
  2 leopard geckos
  3 orcs (D:3)
  3 giant cockroaches
  7 hobgoblins
  4 jackals (D:1)
  A quokka (D:2)
  7 bats
  4 frilled lizards
  15 goblins
  3 kobolds
  2 rats
57 creatures vanquished.

Notes
Turn   | Place    | Note
-------+----------+-------------------------------------------
     0 | D:1      | MisterFreud the Octopode Transmuter began the quest for the
                  | Orb.
     0 | D:1      | Reached XP level 1. HP: 13/13 MP: 3/3
   313 | D:1      | Reached XP level 2. HP: 11/18 MP: 5/5
   355 | D:1      | Learned a level 2 spell: Sticks to Snakes
  1048 | D:2      | Reached skill level 3 in Transmutations
  1048 | D:2      | Reached XP level 3. HP: 14/23 MP: 6/6
  1481 | D:2      | Noticed an ogre
  1970 | D:3      | Learned a level 3 spell: Spider Form
  2495 | D:3      | Reached XP level 4. HP: 26/28 MP: 8/8
  2879 | D:2      | Noticed Jessica
  2947 | D:2      | Identified the +3 helmet of Loyd {rElec}
  2947 | D:2      | Noticed Robin
  2953 | D:3      | Killed Robin
  2966 | D:2      | Reached skill level 4 in Transmutations
  2987 | D:2      | Killed Jessica
  2987 | D:2      | Reached XP level 5. HP: 17/33 MP: 6/9
  3307 | D:2      | Slain by an ogre

Levels and vault maps discovered:
D:1:      sevenhm_arrival_forest_fort_large_4, layout_basic,
          chequers_serial_rivers_micro_b
D:2:      layout_basic, first_ration, uniq_jessica, uniq_robin
D:3:      layout_basic, minmay_misc_feat_chi

Skill      XL: |  1  2  3  4 |
---------------+-------------+-----
Transmutations | 3 4 |  4.3
Spellcasting   | 3 |  3.1
Fighting       | |  1.0
Dodging        | |  2.0
Unarmed Combat | |  3.0

Action                   |  1- 3 |  4- 6 || total
-------------------------+-------+-------++-------
Melee: Unarmed           |    90 |    48 ||   138
       Constrict         |    28 |    10 ||    38
       Tentacles         |    18 |     5 ||    23
       Punch             |     1 |       ||     1
 Cast: Spider Form       |       |     3 ||     3
  Use: Scroll            |     4 |     2 ||     6
 Stab: Sleeping          |     8 |     1 ||     9
  Eat: Chunk             |     5 |     2 ||     7
Armor: Skin              |    11 |     8 ||    19
Dodge: Dodged            |    61 |    37 ||    98

Table legend:
 A = Non-vault XP
 B = Vault XP
 C = Vault XP percentage of total XP
 D = Non-vault monster count
 E = Vault monster count
 F = Vault count percentage of total count
                 A         B        C        D         E       F
            +---------+---------+-------+---------+---------+-------
      Total |     110 |      72 |  39.6 |      45 |      12 |  21.1
            +---------+---------+-------+---------+---------+-------
        D:1 |      29 |       0 |   0.0 |      18 |       0 |   0.0
        D:2 |      28 |      47 |  62.7 |       8 |       6 |  42.9
        D:3 |      53 |      25 |  32.1 |      19 |       6 |  24.0
            +---------+---------+-------+---------+---------+-------
